 Dungeon Crawl Stone Soup version 0.31-a0-455-g1a7b003ef0 (webtiles) character file.

Game seed: 11220018978958956145

1517 Flugkiller the Insei (level 8, -1/48 HPs)
             Began as a Deep Elf Shapeshifter on Aug 3, 2023.
             Slain by Duvessa
             ... wielding a +5 short sword of protection
              (9 damage)
             ... on level 5 of the Dungeon.
             The game lasted 00:09:16 (6628 turns).

Flugkiller the Insei (Deep Elf Shapeshifter)        Turns: 6628, Time: 00:09:16

Health: -1/48      AC:  5    Str: 12    XL:     8   Next: 54%
Magic:  10/10      EV: 12    Int: 14    God:
Gold:   374        SH:  0    Dex: 17    Spells: 8/8 levels left

rFire   . .          .
                       - Unarmed
rCold   + . .        (no shield)
rNeg    . . .        t - +0 ring mail {rC+}
rPois   +            (helmet currently unavailable)
rElec   .            (cloak currently unavailable)
rCorr   .            (gloves currently unavailable)
SInv    .            (boots currently unavailable)
Will    .....        o - amulet "Nabes" {Acrobat rPois}
Stlth   +            (no ring)
HPRegen 0.28/turn    (no ring)
MPRegen 0.12/turn

%: acrobat
@: beast-form
A: beast (slay +3), horns 1, low MP 1, mutation resistance 1
a: Begin Untransformation


You were on level 5 of the Dungeon.
You were a hulking beast.
You visited 1 branch of the dungeon, and saw 7 of its levels.

You collected 374 gold pieces.

Inventory:

Hand Weapons
 x - a +0 quarterstaff of draining
   (You found it on level 7 of the Dungeon)
Armour
 a - a +0 helmet
   (You found it on level 3 of the Dungeon)
 m - a +0 chain mail of fire resistance
   (You took it off an orc on level 3 of the Dungeon)
 t - a +0 ring mail of cold resistance (worn)
   (You found it on level 5 of the Dungeon)
Jewellery
 e - a ring of ice
   (You found it on level 1 of the Dungeon)
 h - a ring of wizardry
   (You found it on level 1 of the Dungeon)
 j - a ring of ice
   (You found it on level 1 of the Dungeon)
 o - the amulet "Nabes" (around neck) {Acrobat rPois}
   (You found it on level 3 of the Dungeon)

   [amulet of the acrobat]

   It increases your evasion while moving and waiting.
   rPois:     It protects you from poison.
Talismans
 c - a beast talisman (active)
Wands
 v - a wand of flame (3)
   (You took it off Natasha on level 3 of the Dungeon)
Scrolls
 d - a scroll of vulnerability
 f - a scroll of fog
 g - a scroll of blinking {unknown}
 i - a scroll of butterflies {unknown}
 l - a scroll of immolation
 n - a scroll of torment
 p - a scroll of fear {unknown}
 s - a scroll of revelation {unknown}
 u - a scroll of noise {unknown}
Potions
 k - a potion of attraction {unknown}
 q - a potion of curing
 r - a potion of brilliance {unknown}
 w - 2 potions of heal wounds


   Skills:
 - Level 4.0 Fighting
 - Level 5.0 Dodging
 + Level 6.7 Unarmed Combat
 - Level 0.6 Spellcasting
 - Level 2.0 Evocations
 - Level 5.0 Shapeshifting


You had 8 spell levels left.
You didn't know any spells.
Your spell library contained the following spells:

 Spells                   Type           Power      Damage    Failure   Level
 Apportation              Tloc           0%         N/A       54%         1
 Magic Dart               Conj           0%         1d3       54%         1
 Necrotise                Necr           0%         1d4       54%         1
 Sting                    Tmut/Pois      0%         1d3       54%         1
 Summon Small Mammal      Summ           0%         N/A       54%         1
 Call Imp                 Summ           0%         N/A       67%         2
 Cigotuvi's Dreadful Rot  Necr/Pois/Air  0%         N/A       67%         2
 Poisonous Vapours        Pois/Air       0%         N/A       67%         2
 Scorch                   Fire           0%         2d5       67%         2
 Ignite Poison            Fire/Tmut/Pois 0%         N/A       88%         3
 Mephitic Cloud           Conj/Pois/Air  0%         N/A       88%         3
 Ozocubu's Armour         Ice            0%         N/A       88%         3
 Anguish                  Hex/Necr       0%         N/A       99%         4
 Dispel Undead            Necr           0%         3d6       99%         4
 Flame Wave               Conj/Fire      0%         2d4       99%         4
 Alistair's Intoxication  Tmut/Pois      0%         N/A       100%        5
 Freezing Cloud           Conj/Ice/Air   0%         6-21      100%        5
 Summon Cactus Giant      Summ           0%         N/A       100%        6
 Ozocubu's Refrigeration  Ice            0%         4d7       100%        7
 Borgnjor's Revivificati  Necr           0%         N/A       100%        8


Dungeon Overview and Level Annotations

Branches:
Dungeon (7/15) Zot: 25710
 Temple: D:4-7

Altars:

Annotations:
D:5 Dowan, Duvessa


Innate Abilities, Weirdness & Mutations

You are a hulking beast.
Your limbs bulge with bestial killing power. (Slay +3)
You have a pair of small horns on your head.
Your magical capacity is low. (-10% MP)
You are somewhat resistant to further mutation.


Message History

The gnoll bouda is severely wounded.
You punch the gnoll bouda!
You kill the gnoll bouda!
The gnoll hits you with a +0 spear.
A gnoll comes into view. It is wielding a +0 whip.
Things that are here:
a +0 whip; a +0 robe; a gnoll corpse The gnoll shouts!
You punch the gnoll!
The gnoll is severely wounded.
The gnoll closely misses you.
You hit the gnoll.
You kill the gnoll!
You closely miss the gnoll. The gnoll hits you but does no damage.
You hit the gnoll.
The gnoll is heavily wounded.
The gnoll hits you with a +0 flail!
You are too injured to fight recklessly!
You are too injured to fight recklessly!
You are too injured to fight recklessly!
You hit the gnoll.
The gnoll is severely wounded.
The gnoll closely misses you.
You barely miss the gnoll.
The gnoll is severely wounded.
The gnoll hits you with a +0 flail! The gnoll hits you with a +0 whip.
* * * LOW HITPOINT WARNING * * *
You hit the gnoll.
The gnoll is severely wounded.
The gnoll hits you with a +0 flail.
* * * LOW HITPOINT WARNING * * *
The gnoll closely misses you.
You punch the gnoll!
You kill the gnoll!
You feel much better. The gnoll hits you with a +0 whip.
You hit the gnoll.
The gnoll is moderately wounded.
The gnoll misses you.
You punch the gnoll!
You kill the gnoll!
You now have 374 gold pieces (gained 13).
Things that are here:
a +0 whip; a +0 spear; a gnoll corpse
Things that are here:
a +0 whip; a +0 robe; a gnoll corpse You start resting.
HP restored.
Things that are here:
a +0 flail; a gnoll corpse You open the door.
There is an open door here.
Duvessa and Dowan come into view.
Duvessa is wielding a +5 short sword of protection.
Dowan is wielding a +0 dagger of holy wrath.
Found a scroll of vulnerability.
Dowan shouts!
There is an open door here.
There are monsters nearby!
There are monsters nearby!
Okay, then.
It was a potion of mutation.
You feel extremely strange.
You feel less energetic.
You feel genetically stable. A pair of horns grows on your head!
Duvessa hits you with a +5 short sword of protection.
You punch Duvessa! You headbutt Duvessa.
Duvessa is moderately wounded.
Duvessa hits you with a +5 short sword of protection.
You closely miss Duvessa. You headbutt Duvessa, but do no damage.
Duvessa is moderately wounded.
Duvessa misses you.
You hit Duvessa.
Duvessa is heavily wounded.
Duvessa closely misses you.
You hit Duvessa but do no damage. You headbutt Duvessa.
Duvessa is heavily wounded.
Duvessa hits you with a +5 short sword of protection.
You hit Duvessa.
Duvessa is heavily wounded.
Duvessa misses you.
Dowan mumbles some strange words.
Dowan blinks!
You hit Duvessa but do no damage.
Duvessa is heavily wounded.
You hit Duvessa but do no damage.
Duvessa is heavily wounded.
Duvessa hits you with a +5 short sword of protection!
You hit Duvessa but do no damage.
Duvessa is heavily wounded.
Duvessa says, "When magic and the sword combine, nothing stands against them."
Duvessa hits you with a +5 short sword of protection!
You punch Duvessa!
Duvessa is almost dead.
Duvessa hits you with a +5 short sword of protection!
You closely miss Duvessa. Your headbutt misses Duvessa.
Duvessa is almost dead.
Duvessa hits you with a +5 short sword of protection!
* * * LOW HITPOINT WARNING * * *
You hit Duvessa. You headbutt Duvessa, but do no damage.
Duvessa is almost dead.
Duvessa hits you with a +5 short sword of protection!
You die...

#.................#.
#.................#.
#####...####..##..#.
################'###..##
.............'....##..##
.............#..........
.............#..........
.............#..........
###.###h##..##...###..##
#e##'###...###..##
#..e.'.e.#.......#......
#....#..!#.......#......
#... #...#..##...####...
#?. #.########### #...
#' #. #... . .. #... ..
#...


You could see Duvessa and Dowan.

Vanquished Creatures
  Pikel (D:4)
  A wyvern (D:7)
  A steam dragon (D:6)
  A water moccasin (D:6)
  A sky beast (D:7)
  A black bear (D:5)
  A lemure (D:4)
  A scorpion (D:5)
  A howler monkey (D:5)
  2 hounds (D:5)
  A gnoll bouda (D:5)
  A sleepcap (D:4)
  Natasha (thrice) (D:3)
  2 iguanas
  6 adders
  5 gnolls
  2 worms (D:2)
  2 dart slugs (D:1)
  4 orcs
  3 bats
  8 endoplasms
  3 giant cockroaches
  7 goblins
  4 hobgoblins
  4 jackals (D:4)
  6 kobolds
  3 quokkas
  8 ball pythons
  2 frilled lizards
  11 rats
96 creatures vanquished.

Notes
Turn   | Place    | Note
-------+----------+-------------------------------------------
     0 | D:1      | Flugkiller the Deep Elf Shapeshifter began the quest for
                  | the Orb.
     0 | D:1      | Reached XP level 1. HP: 11/11 MP: 3/3
    46 | D:1      | Reached skill level 1 in Fighting
   250 | D:1      | Reached XP level 2. HP: 16/17 MP: 4/4
   716 | D:1      | Reached XP level 3. HP: 21/21 MP: 5/5
  1756 | D:3      | Reached XP level 4. HP: 26/27 MP: 6/6
  1846 | D:3      | Identified the amulet "Nabes" {Acrobat rPois}
  3025 | D:4      | Reached skill level 3 in Unarmed Combat
  3025 | D:4      | Reached XP level 5. HP: 8/32 MP: 7/7
  3257 | D:4      | Noticed Natasha
  3338 | D:3      | Killed Natasha
  3989 | D:3      | Noticed Natasha
  4001 | D:3      | Killed Natasha
  4242 | D:3      | Noticed Natasha
  4373 | D:3      | Killed Natasha
  4461 | D:4      | Noticed a lemure
  4527 | D:4      | Killed a lemure
  4779 | D:4      | You fall into a shaft and drop 3 floors!
  4785 | D:7      | Noticed a wyvern
  4800 | D:7      | Killed a wyvern
  4801 | D:7      | Reached skill level 4 in Unarmed Combat
  4801 | D:7      | Reached XP level 6. HP: 27/37 MP: 8/8
  4952 | D:7      | Noticed a sky beast
  5005 | D:7      | Killed a sky beast
  5006 | D:7      | Reached skill level 5 in Unarmed Combat
  5069 | D:7      | Got the Tome of Infected Dark Words
  5109 | D:6      | Noticed a steam dragon
  5125 | D:6      | Killed a steam dragon
  5126 | D:6      | Reached XP level 7. HP: 18/41 MP: 9/9
  5319 | D:5      | Entered Level 5 of the Dungeon
  5411 | D:5      | Reached skill level 6 in Unarmed Combat
  5530 | D:5      | Reached skill level 5 in Shapeshifting
  5901 | D:4      | Noticed Pikel
  5913 | D:4      | Killed Pikel
  5914 | D:4      | Reached skill level 5 in Dodging
  5914 | D:4      | Reached XP level 8. HP: 27/48 MP: 10/10
  6614 | D:5      | Noticed Duvessa
  6614 | D:5      | Noticed Dowan
  6617 | D:5      | Gained mutation: Your magical capacity is low. (-10% MP)
                  | [potion of mutation]
  6617 | D:5      | Gained mutation: You are somewhat resistant to further
                  | mutation. [potion of mutation]
  6617 | D:5      | Gained mutation: You have a pair of small horns on your
                  | head. [potion of mutation]
  6628 | D:5      | Slain by Duvessa

Illustrated notes

Levels and vault maps discovered:
D:1:      evilmike_arrival_plus, layout_loops_cross, minmay_tripent
D:2:      layout_basic
D:3:      layout_basic
D:4:      layout_cave_pods, hangedman_abyss_or_decor_jellyfish_corner,
          uniq_natasha, uniq_pikel
D:5:      layout_gridville, uniq_duvessa
D:6:      layout_loops_corners, uniq_grinder, uniq_sigmund
D:7:      layout_basic, minmay_temple_entry_grid, nicolae_grassy_gnolls

Skill      XL: |  1  2  3  4  5  6  7 |
---------------+----------------------+-----
Fighting       | 1 2 3 4 |  4.0
Dodging        | 3 4 5 |  5.0
Unarmed Combat | 3 4 5 6 |  6.7
Shapeshifting  | 5 |  5.0
Evocations     | 2 |  2.0
Spellcasting   | |  0.6

Action                     |  1- 3 |  4- 6 |  7- 9 || total
---------------------------+-------+-------+-------++-------
  Melee: Unarmed           |   156 |   177 |   103 ||   436
         Punch             |     3 |     4 |     3 ||    10
         Headbutt          |       |       |     4 ||     4
  Evoke: Wand              |       |     3 |     6 ||     9
    Use: Scroll            |     5 |     2 |       ||     7
         Potion            |       |     5 |     4 ||     9
   Stab: Sleeping          |     2 |       |       ||     2
 Armour: Animal skin       |     6 |       |       ||     6
         Scale mail        |    28 |     2 |       ||    30
         Ring mail         |       |    38 |    19 ||    57
         Skin              |       |    25 |       ||    25
  Dodge: Dodged            |    88 |    90 |    72 ||   250

Table legend: (Time is in decaauts)
 A = Elapsed time spent in this place.
 B = Non-inter-level travel time spent in this place.
 C = Inter-level travel time spent in this place.
 D = Time resting spent in this place.
 E = Time spent auto-exploring this place.
 F = Levels seen in this place.
 G = Mean time per level.
                   A        B        C        D        E       F      G
               +--------+--------+--------+--------+--------+-----+--------+
         Total |   6597 |   6358 |    239 |   1376 |   3457 |   7 |  942.4 |
       Dungeon |   6597 |   6358 |    239 |   1376 |   3457 |   7 |  942.4 |
               +--------+--------+--------+--------+--------+-----+--------+

Top non-repeatable levels by time:
     D:3: 2220 daAuts
     D:4: 1450 daAuts
     D:1: 887 daAuts
     D:5: 856 daAuts
     D:2: 656 daAuts
     D:7: 318 daAuts
     D:6: 208 daAuts
